AoeStats
← Kulikulkins4203

Fortress

509198187Analyzed
2v2 RM · 6d ago on Sep 25, 2026· 51m 38s· 4 players
Game mode
Random Map
Map size
Normal (6 player)
Population
200
Speed
Normal
Resources
Standard
Victory
Conquest
Starting age
Dark Age
Ending age
Imperial Age
RankedLock teamsTeams togetherTeam positionsShared explorationLock speedFull tech treeHidden civsTurbo modeCheats
Victory
Defeat
🇧🇷 Portuguese · Brazil
412
+17
🇧🇷 Persians · Brazil
402
+18
🇬🇧 Chinese · United Kingdom
453
-18
🇧🇷 Koreans · Brazil
433
-17
francisletsfly
8:09 Feudal Age
10:34 Wheelbarrow
9:45 Town Watch
9:47 Loom
10:26 Double-Bit Axe
10:25 Horse Collar
15:07 Castle Age
13:13 Gold Mining
13:56 Stone Mining
15:33 Forging
15:39 Fletching
17:02 Heavy Plow
17:27 Bow Saw
20:44 Pikeman
21:25 Squires
24:30 Bodkin Arrow
24:35 Scale Mail Armor
30:08 Chain Mail Armor
30:29 Iron Casting
34:42 Imperial Age
35:05 Heavy Rocket Cart
35:20 Halberdier
36:06 Bracer
36:37 Plate Mail Armor
44:08 Two-Man Saw
Kulikulkins4203
8:16 Feudal Age
8:54 Gold Mining
12:36 Double-Bit Axe
17:48 Castle Age
16:27 Horse Collar
16:42 Stone Mining
23:14 Forging
23:19 Fletching
25:11 Ballistics
25:02 Masonry
32:43 Murder Holes
32:54 Bodkin Arrow
33:41 Town Watch
IIErich
4:22 Loom
6:39 Feudal Age
7:32 Double-Bit Axe
8:07 Horse Collar
13:06 Castle Age
11:13 Horse Collar
13:38 Wheelbarrow
13:15 Scale Mail Armor
13:29 Forging
13:56 Pikeman
15:16 Stone Mining
23:02 Bow Saw
26:48 Chain Mail Armor
33:11 Imperial Age
35:53 Elite Organ Gun
37:43 Arquebus
42:12 Siege Engineers
42:45 Plate Mail Armor
43:03 Iron Casting
45:23 Blast Furnace
49:22 Halberdier
YBiel21
0:34 Loom
8:41 Feudal Age
10:46 Double-Bit Axe
16:04 Castle Age
15:19 Bloodlines
15:46 Gold Mining
19:12 Wheelbarrow
18:47 Husbandry
18:55 Scale Barding Armor
21:36 Hand Cart
23:55 Forging
33:17 Chain Barding Armor
33:33 Iron Casting
37:25 Imperial Age
39:11 Bow Saw
39:40 Gold Shaft Mining
38:56 Stone Mining
39:03 Stone Mining
39:10 Heavy Camel Rider
46:01 Stone Shaft Mining
46:31 Two-Man Saw
46:13 Plate Barding Armor
46:44 Blast Furnace
Connection lost

Rejoining the realm…

Still unreachable

The connection could not be restored.

Session expired

The server has moved on; the page needs a fresh start.